 Dungeon Crawl Stone Soup version 0.29-a0-559-g359e09b9d1 (webtiles) character file.

Game seed: 8632270698487644597

130 IdlyInterested the Chopper (level 4, 0/35 HPs)
             Began as a Demonspawn Gladiator on June 10, 2022.
             Slain by a wyvern skeleton (7 damage)
             ... on level 3 of the Dungeon.
             The game lasted 00:06:46 (3404 turns).

IdlyInterested the Chopper (Demonspawn Gladiator)   Turns: 3404, Time: 00:06:47

Health: 0/35       AC:  9    Str: 15    XL:     4   Next: 89%
Magic:  4/4        EV: 11    Int:  9    God:
Gold:   164        SH:  0    Dex: 16    Spells: 3/3 levels left

rFire   . . .      SeeInvis +   a - +1 war axe
rCold   . . .      Faith    .   (no shield)
rNeg    . . .      Spirit   .   f - +0 ring mail
rPois   .          Reflect  .   c - +0 helmet
rElec   .          Harm     .   b - +0 cloak
rCorr   .          Rampage  .   (no gloves)
Will    .....                   (no boots)
Stlth   +.........              (no amulet)
HPRegen 0.11/turn               l - ring of flight
MPRegen 0.09/turn               n - ring of see invisible

@: flying, hasted, very quick
A: slimy green scales 1, demonic magic 1
a: no special abilities


You were on level 3 of the Dungeon.
You visited 1 branch of the dungeon, and saw 3 of its levels.

You collected 164 gold pieces.

Inventory:

Hand Weapons
 a - a +1 war axe (weapon)
 h - a +0 hand axe
Missiles
 d - 3 throwing nets (quivered)
 e - a javelin
 p - 3 poisoned darts
Armour
 b - a +0 cloak (worn)
 c - a +0 helmet (worn)
 f - a +0 ring mail (worn)
Jewellery
 l - a ring of flight (left hand)
 n - a ring of see invisible (right hand)
 o - a ring of positive energy
Scrolls
 j - a scroll of identify
 m - a scroll of teleportation {unknown}
Potions
 g - 2 potions of brilliance
 i - a potion of ambrosia


   Skills:
 + Level 3.1 Fighting
 + Level 3.2 Axes
 - Level 2.0 Throwing
 * Level 1.7 Armour
 - Level 3.0 Dodging
 * Level 1.7 Stealth


You had 3 spell levels left.
You didn't know any spells.
Your spell library contained the following spells:

 Spells                   Type           Power      Damage    Failure   Level
 Passage of Golubria      Tloc           0%         N/A       100%        4
 Silence                  Hex/Air        0%         N/A       100%        5
 Lehudib's Crystal Spear  Conj/Erth      0%         10d2      100%        8


Dungeon Overview and Level Annotations

Branches:
Dungeon (3/15)

Altars:
Uskayaw
Zin
The Shining One

Annotations:
D:3 1 transporter, Curundu's ghost, weakling TrFi


Innate Abilities, Weirdness & Mutations

You are partially covered in slimy green scales. (AC +2)
Spells you cast may paralyse adjacent enemies.


Message History

You barely miss the killer bee zombie.
The killer bee zombie is heavily damaged.
You slash the wyvern skeleton! You hit Curundu's ghost.
You hit the wyvern skeleton.
The killer bee zombie hits you but does no damage.
The wyvern skeleton misses you.
The wyvern skeleton bites you but does no damage.
Curundu's ghost hits you.
The killer bee zombie hits you but does no damage.
You hit the killer bee zombie.
The killer bee zombie is severely damaged.
You slash the wyvern skeleton! You hit Curundu's ghost.
You hit the wyvern skeleton.
The wyvern skeleton bites you but does no damage.
The wyvern skeleton bites you.
The killer bee zombie barely misses you.
Curundu's ghost barely misses you.
The wyvern skeleton completely misses you.
The wyvern skeleton bites you but does no damage.
You barely miss the killer bee zombie.
The killer bee zombie is severely damaged.
You hit the wyvern skeleton.
You hit Curundu's ghost but do no damage.
You slash the wyvern skeleton!
The killer bee zombie hits you but does no damage.
Curundu's ghost closely misses you.
The killer bee zombie barely misses you.
The wyvern skeleton bites you!
* * * LOW HITPOINT WARNING * * *
The wyvern skeleton closely misses you.
You hit the killer bee zombie.
The killer bee zombie is almost destroyed.
You hit the wyvern skeleton but do no damage.
You hit Curundu's ghost but do no damage.
You slash the wyvern skeleton!
You destroy the wyvern skeleton!
The killer bee zombie hits you.
* * * LOW HITPOINT WARNING * * *
Curundu's ghost misses you. The wyvern skeleton bites you!
You die...

#.............)..........#
#........................#
#..#############..####.###
#..#©..........#..# #...>
#..#..M........#..# #....
#..#..###.###..#..# #.###
#..#..#8#.#8#..#..####.###
#..#....WZ.....#..........
#.©#(....@Z....#©..###.###
#..#/..........#..........
#..#..#8#Z#8#..#..###.....
#..#.W###.###..#..# #..###
#..#.$.........#..###..#
#..#.......... #.......#
#..#############..#....#
#.................#.####
#.................#.#


You could see Curundu's ghost, a killer bee zombie, a bullfrog skeleton and a
wyvern skeleton.

Vanquished Creatures
  A wyvern skeleton (D:3)
  An orc wizard (D:3)
  A mummy (D:3)
  3 adders
  A dart slug (D:1)
  2 orcs (D:3)
  5 ball pythons
  11 endoplasms
  2 giant cockroaches (D:1)
  8 goblins
  6 hobgoblins
  5 kobolds
  2 quokkas
  2 bats
  5 frilled lizards
  3 rats
58 creatures vanquished.

Notes
Turn   | Place    | Note
-------+----------+-------------------------------------------
     0 | D:1      | IdlyInterested the Demonspawn Gladiator began the quest for
                  | the Orb.
     0 | D:1      | Reached XP level 1. HP: 16/16 MP: 1/1
   231 | D:1      | Gained mutation: You are partially covered in slimy green
                  | scales. (AC +2) [demonic ancestry]
   231 | D:1      | Reached XP level 2. HP: 22/22 MP: 2/2
   382 | D:1      | Found a faded altar of an unknown god.
   967 | D:1      | Gained mutation: Spells you cast may paralyse adjacent
                  | enemies. [demonic ancestry]
   967 | D:1      | Reached XP level 3. HP: 20/28 MP: 3/3
  1924 | D:2      | Reached skill level 1 in Armour
  2555 | D:3      | Reached skill level 1 in Stealth
  2555 | D:3      | Reached XP level 4. HP: 31/35 MP: 4/4
  2638 | D:3      | Found a transporter.
  2640 | D:3      | Noticed Curundu's ghost (weakling TrFi)
  3018 | D:3      | Found a hide-covered altar of Uskayaw.
  3200 | D:3      | Found a transporter.
  3404 | D:3      | Slain by a wyvern skeleton

Illustrated notes

Levels and vault maps discovered:
D:1:      dpeg_arrival_rooms_with_view, layout_basic, serial_corexii_hall,
          chequers_hall_statues_corner_a, corexii_hall_statues_l,
          chequers_hall_statues_corner_a, corexii_hall_statues_i,
          corexii_hall_statues_i, chequers_hall_statues_corner_a,
          chequers_ecumenical_altar_simple_redux
D:2:      layout_basic, chequers_mini_garden
D:3:      layout_loops_ring, mainiacjoe_overflow_24_doors, lemuel_round_altar,
          tso_altar, gammafunk_ghost_mausoleum

Skill      XL: |  1  2  3 |
---------------+----------+-----
Throwing       | 2 |  2.0
Axes           | 3 |  3.2
Dodging        | 3 |  3.0
Armour         | 1 |  1.7
Fighting       | 3 |  3.1
Stealth        | 1 |  1.7

Action                   |  1- 3 |  4- 6 || total
-------------------------+-------+-------++-------
Melee: War axe           |   124 |    45 ||   169
       Punch             |     1 |       ||     1
  Use: Scroll            |     4 |       ||     4
       Potion            |     2 |     1 ||     3
 Stab: Sleeping          |     2 |     1 ||     3
Armor: Leather armour    |     4 |       ||     4
       Ring mail         |    57 |    25 ||    82
Dodge: Dodged            |    92 |    34 ||   126

Table legend: (Time is in decaauts)
 A = Elapsed time spent in this place.
 B = Non-inter-level travel time spent in this place.
 C = Inter-level travel time spent in this place.
 D = Time resting spent in this place.
 E = Time spent auto-exploring this place.
 F = Levels seen in this place.
 G = Mean time per level.
                   A        B        C        D        E       F      G
               +--------+--------+--------+--------+--------+-----+--------+
         Total |   3438 |   3359 |     79 |    536 |   2249 |   3 | 1146.0 |
       Dungeon |   3438 |   3359 |     79 |    536 |   2249 |   3 | 1146.0 |
               +--------+--------+--------+--------+--------+-----+--------+

Top non-repeatable levels by time:
     D:1: 1579 daAuts
     D:3: 956 daAuts
     D:2: 902 daAuts
